 Dungeon Crawl Stone Soup version 0.22.1-6-g1668fe2 (webtiles) character file.

1663 Fang the Chopper (level 9, -15/82 HPs)
             Began as a Gargoyle Berserker on Feb 4, 2019.
             Was an Elder of Trog.
             Demolished by an orc warrior
             ... wielding a +0 flail
              (16 damage)
             ... on level 6 of the Dungeon.
             The game lasted 00:11:01 (6684 turns).

Fang the Chopper (Gargoyle Berserker)               Turns: 6684, Time: 00:11:02

Health: -15/82     AC: 10    Str: 24    XL:     9   Next: 1%
Magic:  0/9        EV: 13    Int:  8    God:    Trog [****..]
Gold:   279        SH:  0    Dex:  9    Spells: 8/8 levels left

rFire    + + +     SeeInvis .   a - +0 hand axe
rCold    x . .     Gourm    .   (no shield)
rNeg     + . .     Faith    .   x - +0 leather armour "Sixisseo" {rPois rF+++ rC- Str-5}
rPois    ∞         Spirit   +   (no helmet)
rElec    +         Reflect  .   (no cloak)
rCorr    .         Harm     .   (no gloves)
MR       +....                  (no boots)
Stlth    ..........             z - amulet of guardian spirit
HPRegen  0.23/turn              g - ring of protection from magic
MPRegen  0.11/turn              r - ring of stealth

@: berserking, starving, very quick
A: negative energy resistance 1, electricity resistance, unbreathing,
petrification resistance, rot immunity, AC +6
a: Berserk, Trog's Hand, Brothers in Arms, Renounce Religion


You were on level 6 of the Dungeon.
You worshipped Trog.
Trog was greatly pleased with you.
You were starving.

You visited 1 branch of the dungeon, and saw 6 of its levels.
You also visited: Sewer.

You collected 279 gold pieces.

Inventory:

Hand Weapons
 a - a +0 hand axe (weapon)
Armour
 w - a +0 chain mail
 x - the +0 leather armour "Sixisseo" (worn) {rPois rF+++ rC- Str-5}
   (You found it on level 4 of the Dungeon)

   It affects your strength (-5).
   It renders you almost immune to fire.
   It makes you vulnerable to cold.
   It protects you from poison.
Jewellery
 g - a ring of protection from magic (left hand)
 r - a ring of stealth (right hand)
 z - an amulet of guardian spirit (around neck)
 B - an uncursed ring of protection from fire
Wands
 t - a wand of disintegration (7)
 C - a wand of digging (7)
Scrolls
 d - 6 scrolls of identify {unknown}
 e - 6 scrolls of remove curse {unknown}
 f - 2 scrolls of teleportation {unknown}
 l - 2 scrolls of amnesia {unknown}
 m - 3 scrolls of enchant armour {unknown}
 u - 3 scrolls of magic mapping {unknown}
 v - 2 scrolls of fear {unknown}
 y - a scroll of silence {unknown}
 A - a scroll of immolation {unknown}
 E - a scroll of enchant weapon {unknown}
Potions
 b - 2 potions of berserk rage {unknown}
 h - 3 potions of degeneration {unknown}
 i - 2 potions of curing {unknown}
 j - a potion of agility {unknown}
 k - 4 potions of might {unknown}
 n - a potion of resistance {unknown}
 o - a potion of flight {unknown}
 p - a potion of cancellation {unknown}
 q - a potion of invisibility {unknown}
 s - a potion of ambrosia {unknown}
 D - a potion of haste {unknown}
Comestibles
 c - 9 rations


   Skills:
 + Level 6.0 Fighting
 + Level 7.3 Axes
 + Level 5.6 Armour
 + Level 3.9 Dodging
 + Level 2.1 Stealth


You had 8 spell levels left.
You didn't know any spells.
Your spell library was empty.

Dungeon Overview and Level Annotations

Branches:
Dungeon (6/15)
 Temple: D:4-7

Altars:
Trog
Xom
Zin

Shops:
D:5 %


Innate Abilities, Weirdness & Mutations

You are resistant to torment.
Your stone body is resilient. (AC +6)
You are immune to poison.
You resist negative energy. (rN+)
You are resistant to electric shocks. (rElec)
You can survive without breathing.
You are immune to petrification.
You are immune to rotting.


Message History

The orc warrior is severely wounded.
The orc warrior hits you but does no damage.
A red film seems to cover your vision as you go berserk!
You feel yourself moving faster!
You feel mighty!
You are starving!
You hit the orc warrior but do no damage.
The orc warrior is severely wounded.
The orc warrior hits you with a flail!
* * * LOW HITPOINT WARNING * * *
You barely miss the orc warrior.
The orc warrior is severely wounded.
You completely miss the orc warrior.
The orc warrior is severely wounded.
The orc warrior barely misses you.
You closely miss the orc warrior.
The orc warrior is severely wounded.
You slash the orc warrior!
The orc warrior is almost dead.
The orc warrior hits you with a flail!
You die...

#.##.#.....<...# #.
#........#.#.#.### #..
#.##.#.###........
....
#........#.#.#.###
#...###.######.#.#.#.#
...............#.#.#.#
#?....#..#######.#.#.#
.................#.#.#
......†@########.#.#.#
....#.)o..............
#.# #...########.#.#.#
. ...... #######


You could see an orc warrior.

Vanquished Creatures
  Eustachio (D:4)
  Menkaure (D:5)
  A phantom (D:5)
  2 ogres (D:5)
  A centaur (D:5)
  Blork the orc (D:4)
  6 big kobolds (Sewer)
  2 scorpions (D:4)
  A crimson imp (D:5)
  A bullfrog zombie (D:5)
  2 hounds
  2 orc wizards (D:5)
  Jessica (D:2)
  A worker ant (D:5)
  12 adders
  2 river rats (Sewer)
  3 oozes (Sewer)
  An adder skeleton (D:4)
  5 worms
  3 dart slugs
  4 leopard geckos
  12 orcs
  6 giant cockroaches
  7 hobgoblins
  4 jackals (D:4)
  A quokka (D:2)
  2 ball pythons
  5 bats
  6 frilled lizards
  9 goblins
  13 kobolds
  A leopard gecko skeleton (D:5)
  24 rats
143 creatures vanquished.

Notes
Turn   | Place    | Note
-------+----------+-------------------------------------------
     0 | D:1      | Fang the Gargoyle Berserker began the quest for the Orb.
     0 | D:1      | Reached XP level 1. HP: 14/14 MP: 1/1
   282 | D:1      | Reached XP level 2. HP: 20/20 MP: 2/2
   709 | D:1      | Reached skill level 3 in Axes
   748 | D:1      | Reached XP level 3. HP: 22/24 MP: 3/3
   783 | D:1      | Reached ** piety under Trog
  1215 | D:2      | Noticed Jessica
  1226 | D:2      | Killed Jessica
  1226 | D:2      | Reached XP level 4. HP: 15/29 MP: 4/4
  1507 | D:2      | Found a bloodstained altar of Trog.
  2027 | D:3      | Reached skill level 4 in Axes
  2140 | D:3      | Found a faded altar of an unknown god.
  2177 | D:3      | Found a glowing drain.
  2210 | D:3      | Reached XP level 5. HP: 24/33 MP: 5/5
  2344 | Sewer    | Entered a sewer
  2423 | Sewer    | Noticed a big kobold
  2444 | Sewer    | Killed a big kobold
  2657 | Sewer    | Noticed a big kobold
  2680 | Sewer    | Killed a big kobold
  2680 | Sewer    | Reached XP level 6. HP: 25/38 MP: 6/6
  2685 | Sewer    | Reached *** piety under Trog
  3050 | Sewer    | Reached skill level 5 in Axes
  3050 | Sewer    | Reached XP level 7. HP: 43/44 MP: 7/7
  3157 | Sewer    | Received a gift from Trog
  4025 | D:4      | Noticed Eustachio
  4064 | D:4      | Killed Eustachio
  4064 | D:4      | Reached skill level 5 in Fighting
  4410 | D:4      | Reached XP level 8. HP: 38/49 MP: 8/8
  4558 | D:4      | Reached skill level 6 in Axes
  4558 | D:4      | Reached skill level 5 in Armour
  4558 | D:4      | Reached skill level 1 in Stealth
  4646 | D:4      | Got a steaming leather armour
  4672 | D:4      | Identified the +0 leather armour "Sixisseo" {rPois rF+++
                  | rC- Str-5} (You found it on level 4 of the Dungeon)
  4726 | D:4      | Noticed Blork the orc
  4742 | D:4      | Killed Blork the orc
  4742 | D:4      | Reached **** piety under Trog
  5192 | D:5      | Entered Level 5 of the Dungeon
  6036 | D:5      | Found a shimmering altar of Xom.
  6046 | D:5      | Noticed Menkaure
  6058 | D:5      | Killed Menkaure
  6058 | D:5      | Reached skill level 7 in Axes
  6200 | D:5      | Found Satuotij's Food Shoppe.
  6329 | D:5      | Reached XP level 9. HP: 54/55 MP: 9/9
  6510 | D:5      | Found a glowing silver altar of Zin.
  6511 | D:5      | Noticed an angel
  6680 | D:6      | HP: 1/82 [orc warrior/flail (7)]
  6684 | D:6      | Demolished by an orc warrior

Skill      XL: |  1  2  3  4  5  6  7  8 |
---------------+-------------------------+-----
Axes           | 3 4 5 7 |  7.3
Fighting       | 4 5 6 |  6.0
Dodging        | 2 3 |  3.9
Armour         | 3 4 5 |  5.6
Stealth        | 2 |  2.1

Action                   |  1- 3 |  4- 6 |  7- 9 || total
-------------------------+-------+-------+-------++-------
Melee: Hand axe          |   125 |   277 |   416 ||   818
Invok: Berserk           |     1 |     1 |     1 ||     3
 Stab: Sleeping          |     1 |       |     4 ||     5
  Eat: Chunk             |     2 |     7 |    12 ||    21
Armor: Animal skin       |    49 |    11 |       ||    60
       Scale mail        |       |   123 |    43 ||   166
       Chain mail        |       |       |    94 ||    94
       Leather armour    |       |       |    68 ||    68
Dodge: Dodged            |    98 |   130 |   232 ||   460
